 Dungeon Crawl Stone Soup version 0.27.1-35-g4d5d836560 (webtiles) character file.

Game seed: 8318857432199034318

4 RatsInWalls the Ducker (level 1, 20/23 HPs)
             Began as a Gnoll Monk on Sept 8, 2021.
             Quit the game on level 1 of the Dungeon on Mar 31, 2022.
             The game lasted 00:00:56 (264 turns).

RatsInWalls the Ducker (Gnoll Monk)                  Turns: 264, Time: 00:00:57

Health: 20/23      AC:  4    Str: 10    XL:     1   Next: 70%
Magic:  1/1        EV: 14    Int:  9    God:
Gold:   13         SH:  0    Dex: 14    Spells: 0/0 levels left

rFire    . . .     SeeInvis .   a - +0 mace
rCold    . . .     Faith    .   (no shield)
rNeg     . . .     Spirit   .   d - +0 leather armour
rPois    .         Reflect  .   (no helmet)
rElec    .         Harm     .   (no cloak)
rCorr    .         Rampage  .   c - +0 pair of gloves
Will     .....                  (no boots)
Stlth    ++........             (no amulet)
HPRegen  0.07/turn              (no ring)
MPRegen  0.07/turn              (no ring)

@: no status effects
A: fangs 1, strong nose, distributed training
a: no special abilities


You were on level 1 of the Dungeon.
You visited 1 branch of the dungeon, and saw 1 of its levels.

You collected 13 gold pieces.

Inventory:

Hand Weapons
 a - a +0 mace (weapon)
 b - a +0 hunting sling
Missiles
 e - 19 stones (quivered)
Armour
 c - a +0 pair of gloves (worn)
 d - a +0 leather armour (worn)


   Skills:
 + Level 6.4 Fighting
 + Level 0.1 Short Blades
 + Level 0.1 Long Blades
 + Level 0.1 Axes
 + Level 6.4 Maces & Flails
 + Level 0.1 Polearms
 + Level 0.1 Staves
 + Level 0.1 Slings
 + Level 0.1 Bows
 + Level 0.1 Crossbows
 + Level 0.1 Throwing
 + Level 0.1 Armour
 + Level 6.4 Dodging
 + Level 4.0 Stealth
 + Level 0.1 Shields
 + Level 0.1 Unarmed Combat
 + Level 0.1 Spellcasting
 + Level 0.1 Conjurations
 + Level 0.1 Hexes
 + Level 0.1 Summonings
 + Level 0.1 Necromancy
 + Level 0.1 Translocations
 + Level 0.1 Transmutations
 + Level 0.1 Fire Magic
 + Level 0.1 Ice Magic
 + Level 0.1 Air Magic
 + Level 0.1 Earth Magic
 + Level 0.1 Poison Magic
 + Level 0.2 Invocations
 + Level 0.1 Evocations


You couldn't memorise any spells.
You didn't know any spells.
Your spell library was empty.

Dungeon Overview and Level Annotations

Branches:
Dungeon (1/15)

Altars:


Innate Abilities, Weirdness & Mutations

You have very sharp teeth.
Your uncanny sense of smell can sniff out nearby items.
Your experience applies equally to all skills.


Message History

You feel sick.
You feel sick.
You see here a +1 dagger of venom.
You feel sick.
You are no longer poisoned.
You see here 19 stones.
e - 19 stones You start resting.
HP restored.
You see here a +1 dagger of venom.
A goblin comes into view. It is wielding a +0 club.
The helpless goblin fails to defend itself.
You hit the goblin.
You kill the goblin!
A rat comes into view.
The rat bites you.
You barely miss the rat. The rat bites you.
You hit the rat.
You kill the rat!
A goblin comes into view. It is wielding a +0 club.
The goblin hits you but does no damage.
You barely miss the goblin. The goblin misses you.
You closely miss the goblin. The goblin hits you with a +0 club.
The goblin misses you.
You closely miss the goblin. The goblin barely misses you.
You closely miss the goblin. The goblin hits you but does no damage.
You closely miss the goblin. The goblin completely misses you.
You closely miss the goblin. You bite the goblin.
The goblin is moderately wounded.
The goblin hits you with a +0 club.
You miss the goblin.
The goblin is moderately wounded.
The goblin misses you.
You sock the goblin!
You kill the goblin!
You see here a +0 club.
Save game and exit?
Welcome back, RatsInWalls the Gnoll Monk.
Press ? for a list of commands and other information.
Are you sure you want to abandon this character and quit the game? (Confirm with "yes".)

.# .# .# #
###.##...
##########........
#............#....
#.................
#.........@.......
#...)........#.###
#............#
#............#
#............#
#............#
#............#
####.....#+#.#
#.....#


There were no monsters in sight!

Vanquished Creatures
  3 goblins (D:1)
  A rat (D:1)
4 creatures vanquished.

Notes
Turn   | Place    | Note
-------+----------+-------------------------------------------
     0 | D:1      | RatsInWalls the Gnoll Monk began the quest for the Orb.
     0 | D:1      | Reached XP level 1. HP: 23/23 MP: 1/1
   264 | D:1      | Upgraded the game from 0.27.1-1-g398f81649c to
                  | 0.27.1-35-g4d5d836560
   264 | D:1      | Quit the game

Illustrated notes

Levels and vault maps discovered:
D:1:      scummos_arrival_simple_fountains, layout_basic, basic_ecumenical_altar

Action                   || total
-------------------------++-------
Melee: Mace              ||    15
       Bite              ||     1
 Stab: Sleeping          ||     1
Armor: Leather armour    ||     2
Dodge: Dodged            ||     8
